 Dungeon Crawl Stone Soup version 0.24-a0-170-gd8427f5 (webtiles) character file.

Game seed: 14127164022436597310

93 galech the Skirmisher (level 4, -3/35 HPs)
             Began as a Demonspawn Fighter on Mar 11, 2019.
             Slain by a centaur (6 damage)
             ... on level 2 of the Dungeon.
             The game lasted 00:01:45 (1533 turns).

galech the Skirmisher (Demonspawn Fighter)          Turns: 1533, Time: 00:01:46

Health: -3/35      AC:  6    Str: 16    XL:     4   Next: 37%
Magic:  0/4        EV:  7    Int:  9    God:
Gold:   84         SH: 13    Dex: 14    Spells: 3/3 levels left

rFire    . . .     SeeInvis .   a - +0 war axe
rCold    . . .     Gourm    .   c - +0 shield
rNeg     . . .     Faith    .   b - +0 scale mail
rPois    .         Spirit   +   (no helmet)
rElec    .         Reflect  .   (no cloak)
rCorr    .         Harm     .   (no gloves)
MR       +....                  (no boots)
Stlth    ..........             (no amulet)
HPRegen  0.11/turn              h - ring of protection from magic
MPRegen  0.09/turn              (no ring)

@: no status effects
A: large bone plates 1, magic shield, rot immunity
a: no special abilities


You were on level 2 of the Dungeon.
You were not hungry.

You visited 1 branch of the dungeon, and saw 3 of its levels.

You collected 84 gold pieces.

Inventory:

Hand Weapons
 a - a +0 war axe (weapon)
Armour
 b - a +0 scale mail (worn)
 c - a +0 shield (worn)
Jewellery
 h - a ring of protection from magic (left hand)
 m - a +3 ring of intelligence {unknown}
Scrolls
 i - a scroll of blinking {unknown}
 j - a scroll of teleportation {unknown}
 o - a scroll of identify {unknown}
Potions
 d - 3 potions of might
 e - 2 potions of flight {unknown}
 k - a potion of mutation {unknown}
 l - 2 potions of curing {unknown}
 n - a potion of cancellation {unknown}
Comestibles
 f - a ration


   Skills:
 + Level 3.5 Fighting
 + Level 3.0 Axes
 + Level 3.0 Armour
 + Level 0.3 Dodging
 + Level 3.2 Shields


You had 3 spell levels left.
You didn't know any spells.
Your spell library contained the following spells:

 Spells                   Type           Power        Failure   Level  Hunger
 Beastly Appendage        Tmut           #.....       100%        1    ##.....
 Sticks to Snakes         Tmut           #.......     100%        2    ###....
 Spider Form              Tmut/Pois      #.........   100%        3    ####...
 Ice Form                 Ice/Tmut       #.......     100%        4    #####..
 Blade Hands              Tmut           #.........   100%        5    ######.


Dungeon Overview and Level Annotations

Branches:
Dungeon (3/15)

Altars:

Annotations:
D:2 1 runed translucent door, Crazy Yiuf


Innate Abilities, Weirdness & Mutations

You are partially covered in large bone plates. (SH +4)
When hurt, damage is shared between your health and your magic reserves.
You are immune to rotting.


Message History

The centaur is moderately wounded.
You block the centaur's attack. x2
You hit the centaur.
The centaur is moderately wounded.
You block the centaur's attack.
The centaur hits you but does no damage.
You barely miss the centaur.
The centaur is moderately wounded.
You block the centaur's attack.
The centaur hits you but does no damage.
You block the centaur's attack.
Your shield and scale mail prevent you from hitting the centaur.
The centaur is moderately wounded.
The centaur closely misses you.
You slash the centaur!
The centaur is severely wounded.
The centaur hits you.
* * * LOW HITPOINT WARNING * * *
The centaur hits you!
You die...

############ #[....#
...........# #.....#
...........# #.....#
.....).....# #.....#
.#)..#########.....#
.#...# ###.......+
.#...#####.#(#.....#
............(.(>@c.#
.....#.###.#.#.###.#
#.####.....#.#.# #
#.## #.#####.#.#
#..# #.# #.#.# .#.#
#.# #.#.# ...# #..
..#.# .#####.##
###.# .........


You could see a centaur.

Vanquished Creatures
  A gnoll (D:1)
  2 adders
  An ooze (D:2)
  A worm (D:2)
  A dart slug (D:1)
  3 leopard geckos
  A ball python (D:1)
  5 bats
  5 goblins
  8 hobgoblins
  4 jackals
  A quokka (D:2)
  9 frilled lizards
  6 kobolds
  7 rats
55 creatures vanquished.

Notes
Turn   | Place    | Note
-------+----------+-------------------------------------------
     0 | D:1      | galech the Demonspawn Fighter began the quest for the Orb.
     0 | D:1      | Reached XP level 1. HP: 18/18 MP: 1/1
    16 | D:1      | Gained mutation: When hurt, damage is shared between your
                  | health and your magic reserves. [demonic ancestry]
    16 | D:1      | Reached XP level 2. HP: 20/24 MP: 2/2
   301 | D:1      | Gained mutation: You are partially covered in large bone
                  | plates. (SH +4) [demonic ancestry]
   301 | D:1      | Reached XP level 3. HP: 27/29 MP: 3/3
   927 | D:2      | Gained mutation: You are immune to rotting. [demonic
                  | ancestry]
   927 | D:2      | Reached XP level 4. HP: 21/35 MP: 2/4
  1066 | D:2      | Found a faded altar of an unknown god.
  1180 | D:2      | Found a runed translucent door.
  1181 | D:2      | Noticed Crazy Yiuf
  1292 | D:2      | Noticed a centaur
  1533 | D:2      | Slain by a centaur

Levels and vault maps discovered:
D:1:      minmay_arrival_stone_box, layout_basic, st_stairs_11,
          minmay_misc_feat_enclosed, minmay_lizard_pond
D:2:      layout_basic, chequers_ecumenical_altar_simple_redux,
          uniq_crazy_yiuf_cottage
D:3:      layout_basic

Skill      XL: |  1  2  3  4 |
---------------+-------------+-----
Shields        | 3 |  3.2
Axes           | 2 3 |  3.0
Armour         | 3 |  3.0
Fighting       | |  3.5
Dodging        | |  0.3

Action                   |  1- 3 |  4- 6 || total
-------------------------+-------+-------++-------
Melee: War axe           |   114 |    49 ||   163
  Eat: Chunk             |       |     2 ||     2
Armor: Scale mail        |    48 |    20 ||    68
Dodge: Dodged            |    40 |    11 ||    51
Block: Shield            |    77 |    35 ||   112

Table legend:
 A = Non-vault XP
 B = Vault XP
 C = Vault XP percentage of total XP
 D = Non-vault monster count
 E = Vault monster count
 F = Vault count percentage of total count
                 A         B        C        D         E       F
            +---------+---------+-------+---------+---------+-------
      Total |     125 |       9 |   6.7 |      47 |       8 |  14.5
            +---------+---------+-------+---------+---------+-------
        D:1 |      60 |       9 |  13.0 |      28 |       8 |  22.2
        D:2 |      52 |       0 |   0.0 |      18 |       0 |   0.0
        D:3 |      13 |       0 |   0.0 |       1 |       0 |   0.0
            +---------+---------+-------+---------+---------+-------
